 Dungeon Crawl Stone Soup version bcrawl-1.27.6 (webtiles) character file.

Game seed: 17874521210618011784

439026 Banto the Carver (level 13, 0/113 HPs)
             Began as a Demigod Wanderer on Sept 22, 2020.
             Slain by an 11-headed hydra (6 damage)
             ... on level 5 of the Lair of Beasts.
             The game lasted 00:34:49 (18058 turns).

Banto the Carver (Demigod Wanderer)                Turns: 18058, Time: 00:34:50

Health: 0/113      AC: 27    Str: 20    XL:     13   Next: 91%
Magic:  22/22      EV: 12    Int: 13    God:    Demigod [******]
Gold:   1189       SH:  7    Dex: 25    Spells: 12/12 levels left

rFire    . . .     SeeInvis .   N - +2 triple sword (venom)
rCold    + . .     Gourm    .   (shield currently unavailable)
rNeg     . . .     Faith    .   H - +2 plate armour {rC+}
rPois    .         Spirit   .   (helmet restricted)
rElec    .         Reflect  .   c - +1 cloak (curse)
rCorr    .         Harm     .   a - +0 pair of gloves
MR       +....                  P - +0 pair of boots
Stlth    ..........             y - amulet of rage
HPRegen  0.28/turn              F - +5 ring of protection
MPRegen  0.18/turn              C - ring of wizardry (curse)

@: no status effects
A: horns 1, repulsion field 1, high mp 1, strong 1
a: Temporal Distortion, Growth, Major Destruction, Heroism, Divine Shield,
Smiting, Evoke Berserk Rage


You were on level 5 of the Lair of Beasts.
You worshipped Demigod.
Demigod was exalted by your worship.
You were not hungry.

You visited 2 branches of the dungeon, and saw 16 of its levels.
You also visited: Ossuary.

You collected 1189 gold pieces.

Inventory:

Hand Weapons
 z - a +0 scimitar
 N - a +2 triple sword of venom (weapon)
Missiles
 u - 280 poisoned tomahawks (quivered)
Armour
 a - a +0 pair of gloves (worn)
 c - a cursed +1 cloak (worn)
 H - a +2 plate armour of cold resistance (worn)
 P - a +0 pair of boots (worn)
Jewellery
 o - a +5 ring of dexterity
 s - an uncursed ring of positive energy
 y - an amulet of rage (around neck)
 C - a cursed ring of wizardry (right hand)
 F - a +5 ring of protection (left hand)
Wands
 w - a wand of polymorph (15)
 x - a wand of paralysis (1)
 A - a wand of digging (7)
 G - a wand of random effects (2)
 I - a wand of disintegration (10)
 M - a wand of acid (4)
Scrolls
 b - 7 scrolls of teleportation
 d - 11 scrolls of remove curse
 h - a scroll of fear
 t - 3 scrolls of blinking
 B - 2 scrolls of identify
 D - 2 scrolls of enchant weapon
 E - 4 scrolls of magic mapping
 K - 2 scrolls of enchant armour
 L - a scroll of immolation
 O - a scroll of amnesia
Potions
 e - a potion of lignification
 g - 9 potions of curing
 i - 9 potions of heal wounds
 j - 3 potions of might
 k - 4 potions of cancellation
 l - 4 potions of haste
 n - a potion of berserk rage
 p - 3 potions of brilliance
 q - 2 potions of flight
 r - 3 potions of invisibility
 v - a potion of magic
Miscellaneous
 J - a lamp of fire
Comestibles
 f - 27 rations {!d}
 m - 4 chunks of flesh


   Skills:
 - Level 10.0 Fighting
 + Level 14.7 Long Blades
 - Level 10.6 Armour
 - Level 5.0 Dodging
 - Level 2.0 Stealth
   Level 5.0 Shields
 + Level 7.3 Invocations
 - Level 1.0 Evocations


You had 12 spell levels left.
You didn't know any spells.
Your spell library contained the following spells:

 Spells                   Type           Power        Failure   Level  Hunger
 Corona                   Hex            #......      86%         1    None
 Freeze                   Ice            #.....       86%         1    None
 Magic Dart               Conj           #...         86%         1    None
 Throw Frost              Conj/Ice       #.....       86%         2    ####...
 Ensorcelled Hibernation  Hex/Ice        #.....       95%         2    ####...
 Searing Ray              Conj           #.......     95%         2    ####...
 Confuse                  Hex            #.......     99%         3    #####..
 Dazzling Orbs            Conj/Hex       #......      99%         3    #####..
 Iskenderun's Mystic Bla  Conj           #.......     99%         3    #####..
 Ozocubu's Armour         Chrm/Ice       #.......     99%         3    #####..
 Tukima's Dance           Hex            #.......     99%         3    #####..
 Fulminant Prism          Conj/Hex       #.........   100%        4    ######.
 Ice Form                 Ice/Tmut       #.......     100%        4    ######.
 Summon Ice Beast         Ice/Summ       #.......     100%        4    ######.
 Throw Icicle             Conj/Ice       #.......     100%        4    ######.
 Irradiate                Conj/Tmut      #.........   100%        5    #######


Dungeon Overview and Level Annotations

Branches:
Dungeon (10/12)            Temple (0/1) D:6            Lair (6/6) D:8
  Swamp (0/3) Lair:2        Snake (0/3) Lair:4          Orc (0/1) D:9
  Slime: Lair:5-6

Shops:
D:9 [   D:10 [

Annotations:
D:4 3 runed translucent doors, Freyura's ghost, amateur GrFi
D:8 exclusions: 8 doors, killer bee and 1 more exclusion
D:9 exclusion: 3 doors
D:10 2 runed translucent doors, mrmini23's ghost, journeyman DrTm
Lair:3 2 transporters
Lair:5 exclusion: 2 oklob plants


Innate Abilities, Weirdness & Mutations

You have an increased reservoir of magic. (+10% MP)
You have a pair of small horns on your head.
You are surrounded by a mild repulsion field. (EV +2)
Your muscles are strong. (Str +2)


Message History

The ten-headed hydra bites you but does no damage. x2
The ten-headed hydra bites you.
* * * LOW HITPOINT WARNING * * *
The ten-headed hydra bites you!
* * * LOW HITPOINT WARNING * * *
The ten-headed hydra barely misses you.
You block the ten-headed hydra's attack.
The ten-headed hydra bites you but does no damage.
You block the ten-headed hydra's attack.
The ten-headed hydra closely misses you. x2
You slice one of the ten-headed hydra's heads off!
The nine-headed hydra grows two more!
You slash the 11-headed hydra!
The 11-headed hydra looks more poisoned.
Your headbutt misses the 11-headed hydra.
The 11-headed hydra is severely wounded.
You block the 11-headed hydra's attack. x2
The 11-headed hydra bites you but does no damage. x3
The 11-headed hydra bites you.
You die...
Your divinity fades.

.......................##..#....#
.[...............................
.................####.#..÷#.....#
#....P...........#.⌠..#..#..⌠.⌠.#
##.P#....................#.......
#..#......##.###⌠.>..'......<...
##....####.#......#..#....... #
#....#.....#÷.⌠.##...#.⌠.⌠.# ...
##..........@##.###.........# ...
#....##.P..D..#÷...#.........
...............###.P...#..##...#.
...#.#..................#....###.
#...##..................#........
#...#...........................#
...........(..............#.)+###
.................................
.................................


You could see a 11-headed hydra.

Vanquished Creatures
  3 hydras
  An alligator (Lair:5)
  5 death yaks (Lair:3)
  An unseen horror (D:10)
  A cyclops (D:9)
  A wolf spider zombie (D:10)
  An oklob plant (Lair:2)
  An orc knight (D:9)
  Pikel (D:4)
  2 ugly things
  4 black mambas
  4 centaur zombies
  8 elephants
  2 centaur skeletons
  2 komodo dragons (Lair:5)
  A freezing wraith (D:10)
  10 cane toads
  A rime drake (shapeshifter) (D:9)
  A rime drake (Lair:4)
  2 ice devils (Lair:1)
  A troll (D:9)
  2 hornets
  6 polar bears
  19 blink frogs
  9 slime creatures
  6 dream sheep (Lair:5)
  4 tyrant leeches
  4 hippogriffs
  2 vampires
  25 yaks
  4 hogs (D:7)
  6 wyverns
  A basilisk (D:8)
  2 steam dragons (D:8)
  A human (D:7)
  6 vampire mosquitoes
  A hungry ghost (D:10)
  A naga (Lair:4)
  10 crocodiles
  2 porcupines
  2 swamp worms (Lair:2)
  3 water moccasins
  2 sky beasts
  A black bear (shapeshifter) (D:10)
  8 black bears
  A hornet zombie (D:8)
  4 ice beasts
  A slave (D:4)
  12 orc warriors
  A centaur (D:5)
  A phantom (D:9)
  3 ogres
  A necrophage (D:10)
  11 bullfrogs
  A big kobold (D:9)
  A water moccasin zombie (Ossuary)
  2 wyvern zombies (Ossuary)
  6 killer bees (D:8)
  4 scorpions
  2 howler monkeys
  A crimson imp (D:7)
  2 bullfrog zombies (Ossuary)
  3 jellies
  3 hounds
  Crazy Yiuf (D:5)
  6 orc priests
  6 orc wizards
  2 bullfrog skeletons
  3 iguanas
  4 worker ants
  A killer bee zombie (Ossuary)
  16 mummies (Ossuary)
  A howler monkey zombie (D:9)
  3 worker ant zombies
  8 adders
  A howler monkey skeleton (D:5)
  2 shadow imps
  2 oozes
  3 adder zombies (Ossuary)
  2 worms (D:2)
  2 dart slugs
  4 leopard geckos
  31 orcs
  4 goblins
  3 hobgoblins (D:2)
  10 jackals
  4 quokkas
  A bat (D:2)
  7 frilled lizards (D:1)
  8 kobolds
  2 quokka zombies (Ossuary)
  4 rats
381 creatures vanquished.

Vanquished Creatures (others)
  6 fungi
  25 plants
  2 withered plants (Ossuary)
33 creatures vanquished.

Grand Total: 414 creatures vanquished

Notes
Turn   | Place    | Note
-------+----------+-------------------------------------------
     0 | D:1      | Banto the Demigod Wanderer began the quest for the Orb.
     0 | D:1      | Banto set off with the following items: a +2 falchion, 2
                  | scrolls of teleportation, a +0 robe, a +0 dagger, a ration
                  | {!d}
     0 | D:1      | Reached XP level 1. HP: 18/18 MP: 3/3
   119 | D:1      | Reached skill level 2 in Long Blades
   209 | D:1      | Reached XP level 2. HP: 25/25 MP: 5/5
   392 | D:1      | Reached skill level 3 in Long Blades
   691 | D:2      | Reached XP level 3. HP: 22/30 MP: 6/6
  1112 | D:2      | Reached * piety under Demigod
  1703 | D:3      | Reached XP level 4. HP: 37/37 MP: 7/7
  1731 | D:3      | Reached skill level 4 in Long Blades
  1884 | D:3      | Found a radiant altar of Vehumet.
  1952 | D:3      | Reached XP level 5. HP: 19/42 MP: 8/8
  1966 | D:3      | Reached ** piety under Demigod
  2517 | D:4      | Found a corrupted altar of Lugonu.
  2798 | D:4      | Reached skill level 5 in Long Blades
  2876 | D:4      | Found a runed translucent gate.
  2883 | D:4      | Found a runed translucent gate.
  2884 | D:4      | Found a runed translucent gate.
  2886 | D:4      | Noticed Freyura's ghost (amateur GrFi)
  2888 | D:4      | Identified the +7 whip of an ossuary {freeze, MR+ Stlth+}
  2888 | D:4      | Identified the +5 chain mail of the Foremost Golems {rF+
                  | Str+5 Int+4 Slay+2}
  2890 | D:4      | Identified the +10 dire flail "Dehaff" {crush, SInv}
  2890 | D:4      | Identified the +3 plate armour "Minify" {rElec rF+ rN+
                  | Str-4}
  2890 | D:4      | Noticed an orc warrior
  2919 | D:4      | Noticed an ice beast
  2926 | D:4      | Killed an ice beast
  2926 | D:4      | Reached skill level 6 in Long Blades
  2926 | D:4      | Reached XP level 6. HP: 50/50 MP: 9/9
  2930 | D:4      | Noticed a slave
  2930 | D:4      | Noticed Pikel
  2932 | D:4      | Noticed a slave
  2932 | D:4      | Noticed a slave
  2951 | D:4      | Killed a slave
  2951 | D:4      | Noticed a slave
  2963 | D:4      | Killed Pikel
  2963 | D:4      | Reached skill level 7 in Long Blades
  2963 | D:4      | Reached XP level 7. HP: 30/56 MP: 10/10
  3432 | D:4      | Found a roughly hewn altar of Beogh.
  3466 | D:3      | Gained mutation: You are frail. (-10% HP) [potion of
                  | mutation]
  3466 | D:3      | Gained mutation: Your body sometimes deteriorates upon
                  | taking damage. [potion of mutation]
  3466 | D:3      | Gained mutation: You expend magic power (3 MP) to
                  | strengthen your wands. [potion of mutation]
  3492 | D:5      | Entered Level 5 of the Dungeon
  3595 | D:5      | Found a sand-covered staircase.
  3670 | D:5      | Reached skill level 8 in Long Blades
  3766 | Ossuary  | Entered an ossuary
  3886 | Ossuary  | Reached XP level 8. HP: 25/55 MP: 11/11
  4154 | Ossuary  | Reached skill level 9 in Long Blades
  4513 | Ossuary  | Reached *** piety under Demigod
  4968 | D:5      | Found a runed door.
  5132 | D:5      | Noticed Crazy Yiuf
  5165 | D:5      | Killed Crazy Yiuf
  5312 | D:6      | Reached skill level 10 in Long Blades
  5821 | D:6      | Reached XP level 9. HP: 61/61 MP: 12/12
  5833 | D:6      | Found a staircase to the Ecumenical Temple.
  5891 | D:6      | Reached skill level 11 in Long Blades
  5936 | D:6      | Found a faded altar of an unknown god.
  5936 | D:6      | Found a stormy altar of Qazlal.
  5941 | D:6      | Found a faded altar of an unknown god.
  5946 | D:6      | Found a snail-covered altar of Cheibriados.
  5946 | D:6      | Noticed a purple ugly thing
  5962 | D:6      | Killed a purple ugly thing
  5964 | D:6      | Found an ornate altar of the Wu Jian Council.
  6076 | D:6      | Lost mutation: You are frail. (-10% HP) [potion of
                  | mutation]
  6076 | D:6      | Lost mutation: Your body sometimes deteriorates upon taking
                  | damage. [potion of mutation]
  6076 | D:6      | Lost mutation: You expend magic power (3 MP) to strengthen
                  | your wands. [potion of mutation]
  6076 | D:6      | Gained mutation: You have a pair of small antennae on your
                  | head. [potion of mutation]
  6076 | D:6      | Gained mutation: Armour fits poorly on your strangely
                  | shaped body. [potion of mutation]
  6076 | D:6      | Gained mutation: Your natural rate of healing is unusually
                  | fast. [potion of mutation]
  6795 | D:7      | Reached skill level 12 in Long Blades
  6795 | D:7      | Reached skill level 1 in Armour
  7441 | D:8      | Reached XP level 10. HP: 74/80 MP: 13/13
  7465 | D:8      | Reached skill level 5 in Fighting
  7508 | D:8      | Noticed a manticore
  7508 | D:8      | Noticed a deep elf mage
  7578 | D:8      | Reached skill level 5 in Armour
  7641 | D:8      | Found an opulent altar of Gozag.
  7692 | D:8      | Found a staircase to the Lair.
  7774 | D:7      | Reached skill level 1 in Shields
  7837 | D:8      | Reached **** piety under Demigod
  8416 | D:8      | Found a glowing silver altar of Zin.
  8519 | D:8      | Lost mutation: You have a pair of small antennae on your
                  | head. [potion of mutation]
  8519 | D:8      | Lost mutation: Armour fits poorly on your strangely shaped
                  | body. [potion of mutation]
  8519 | D:8      | Lost mutation: Your natural rate of healing is unusually
                  | fast. [potion of mutation]
  8519 | D:8      | Gained mutation: You have a pair of small horns on your
                  | head. [potion of mutation]
  8519 | D:8      | Gained mutation: Your muscles are strong. (Str +2) [potion
                  | of mutation]
  8519 | D:8      | Gained mutation: You are surrounded by a mild repulsion
                  | field. (EV +2) [potion of mutation]
  8532 | D:9      | Found a sparkling altar of Nemelex Xobeh.
  8573 | D:9      | Reached skill level 5 in Dodging
  8727 | D:9      | Reached skill level 5 in Shields
  8789 | D:9      | Found Wuinyng's Antique Armour Shop.
  9009 | D:8      | Reached XP level 11. HP: 86/86 MP: 14/14
  9277 | D:9      | Noticed a six-headed hydra
  9413 | D:9      | Found a burning altar of Makhleb.
  9439 | D:9      | Noticed a cyclops
  9454 | D:9      | Killed a cyclops
  9465 | D:9      | Found a hide-covered altar of Uskayaw.
  9668 | D:9      | Found a hazy altar of Hepliaklqana.
 10294 | D:9      | Found a staircase to the Orcish Mines.
 10324 | D:9      | Noticed an orc knight
 10434 | D:9      | Killed an orc knight
 10493 | D:10     | Entered Level 10 of the Dungeon
 10577 | D:10     | Reached ***** piety under Demigod
 10657 | D:10     | Killed an unseen horror
 10852 | D:10     | Noticed a green ugly thing
 10870 | D:10     | Killed a green ugly thing
 11026 | D:10     | Noticed a five-headed hydra
 11244 | D:10     | Found Uburaor's Armour Emporium.
 11412 | D:10     | Reached XP level 12. HP: 58/101 MP: 16/16
 11744 | D:10     | Found a large runed translucent door.
 11744 | D:10     | Found a large runed translucent door.
 11744 | D:10     | Noticed mrmini23's ghost (journeyman DrTm)
 11857 | Lair:1   | Entered Level 1 of the Lair of Beasts
 11873 | Lair:1   | Noticed a seven-headed hydra
 11980 | Lair:1   | Killed a seven-headed hydra
 13355 | Lair:2   | Found a staircase to the Swamp.
 13356 | Lair:2   | Noticed a six-headed hydra
 13541 | Lair:2   | Reached skill level 13 in Long Blades
 14204 | Lair:2   | Killed a nine-headed hydra
 14731 | Lair:3   | Found a transporter.
 14815 | Lair:3   | Got a buzzing plate armour
 14817 | Lair:3   | Identified the +2 plate armour "Bouruoss" {*Contam rC++
                  | MP+9 Stlth-} (You found it on level 3 of the Lair of
                  | Beasts)
 15036 | Lair:3   | Found a transporter.
 15262 | Lair:4   | Identified a scroll of acquirement
 15276 | Lair:4   | Noticed a five-headed hydra
 15329 | Lair:3   | Reached XP level 13. HP: 88/112 MP: 17/17
 15728 | Lair:3   | Reached skill level 10 in Armour
 15789 | Lair:3   | Reached skill level 10 in Fighting
 16548 | Lair:4   | Found a staircase to the Snake Pit.
 16976 | Lair:5   | Reached skill level 14 in Long Blades
 16993 | Lair:5   | Reached skill level 1 in Invocations
 17516 | Lair:5   | Reached skill level 5 in Invocations
 17534 | Lair:6   | Entered Level 6 of the Lair of Beasts
 17797 | Lair:5   | Reached ****** piety under Demigod
 18058 | Lair:5   | Slain by an 11-headed hydra

Skill      XL: |  1  2  3  4  5  6  7  8  9 10 11 12 13 |
---------------+----------------------------------------+-----
Long Blades    | 2 3 4 6 7 8 10 12 13 14 | 14.7
Fighting       | 4 5 8 9 10 | 10.0
Armour         | 3 5 8 9 10 | 10.6
Dodging        | 5 |  5.0
Shields        | 5 |  5.0
Invocations    | 7 |  7.3
Stealth        | |  2.0
Evocations     | |  1.0

Action                   |  1- 3 |  4- 6 |  7- 9 | 10-12 | 13-15 || total
-------------------------+-------+-------+-------+-------+-------++-------
Melee: Falchion          |   120 |    79 |   468 |   317 |       ||   984
       Headbutt          |       |       |       |   339 |    79 ||   418
       Scimitar          |       |       |       |   744 |       ||   744
       Triple sword      |       |       |       |     5 |   263 ||   268
Throw: Tomahawk          |       |    19 |    32 |    78 |       ||   129
Invok: Heroism           |       |       |       |     4 |       ||     4
       Major Destruction |       |       |       |     1 |     2 ||     3
Evoke: Wand              |       |       |     4 |    11 |       ||    15
       Lamp of fire      |       |       |       |     2 |       ||     2
  Use: Scroll            |     4 |       |    14 |     8 |       ||    26
       Potion            |     1 |       |     3 |     1 |       ||     5
 Stab: Sleeping          |     3 |     2 |     1 |       |       ||     6
       Distracted        |       |       |     2 |     1 |       ||     3
       Paralysed         |       |       |    16 |       |       ||    16
  Eat: Chunk             |     5 |     7 |    16 |    47 |    18 ||    93
       Ration            |       |       |     2 |     1 |       ||     3
Armor: Robe              |    12 |     3 |     6 |       |       ||    21
       Skin              |     3 |       |    18 |       |       ||    21
       Scale mail        |       |       |    33 |       |       ||    33
       Steam dragon scal |       |       |       |    29 |       ||    29
       Plate armour      |       |       |       |   220 |   291 ||   511
Dodge: Dodged            |    67 |    34 |    95 |   294 |   260 ||   750
Block: Other             |     7 |     8 |     7 |     6 |   189 ||   217
       Buckler           |       |       |   150 |   686 |       ||   836
